 Dungeon Crawl Stone Soup version 0.24.0-1-gfbc8707 (webtiles) character file.

Game seed: 15741714128612823697, levelgen mode: deterministic

170 Ultraviolent4 the Firebug (level 5, 0/31 HPs)
             Began as a Halfling Fire Elementalist on Oct 27, 2019.
             Succumbed to a worker ant's poison
             ... on level 2 of the Dungeon.
             The game lasted 00:16:31 (3089 turns).

Ultraviolent4 the Firebug (HaFE)                    Turns: 3089, Time: 00:16:31

Health: 0/31       AC:  7    Str: 15    XL:     5   Next: 80%
Magic:  2/8        EV: 15    Int: 13    God:
Gold:   124        SH:  0    Dex: 15    Spells: 5/8 levels left

rFire    . . .     SeeInvis .   a - +0 dagger
rCold    . . .     Gourm    .   (shield restricted)
rNeg     . . .     Faith    .   c - +0 leather armour
rPois    .         Spirit   .   (no helmet)
rElec    .         Reflect  .   (no cloak)
rCorr    .         Harm     .   t - +1 pair of gloves
MR       .....                  (no boots)
Stlth    ++........             (no amulet)
HPRegen  0.10/turn              s - +2 ring of protection
MPRegen  0.11/turn              (no ring)

@: mighty, lethally poisoned (0 -> -8), berserk cooldown, very slightly
contaminated, hasted and slowed
A: small, mutation resistance 1
a: no special abilities


You were on level 2 of the Dungeon.
You were hungry.

You visited 1 branch of the dungeon, and saw 3 of its levels.

You collected 124 gold pieces.

Inventory:

Hand Weapons
 a - a +0 dagger (weapon)
   (You found it on level 1 of the Dungeon)
 b - a +0 hunting sling
   (You found it on level 2 of the Dungeon)
 m - a +0 short sword
   (You found it on level 2 of the Dungeon)
Missiles
 g - 32 stones
 h - 8 poisoned darts (quivered)
 v - 21 sling bullets
Armour
 c - a +0 leather armour (worn)
   (You found it on level 1 of the Dungeon)
 i - a +0 shield
   (You found it on level 3 of the Dungeon)
 n - a +0 ring mail
   (You found it on level 1 of the Dungeon)
 t - a +1 pair of gloves (worn)
   (You found it on level 2 of the Dungeon)
Jewellery
 s - a +2 ring of protection (left hand)
   (You found it on level 1 of the Dungeon)
Scrolls
 d - a scroll of remove curse {@r2}
 u - a scroll of magic mapping
Potions
 j - a potion of resistance
 k - a potion of agility
 w - a potion of flight
Comestibles
 e - 4 rations {!d}
 f - 5 chunks of flesh


   Skills:
 * Level 2.2 Slings
 + Level 3.2 Dodging
 - Level 2.2 Stealth
 - Level 2.0 Spellcasting
 + Level 1.8 Conjurations
 * Level 4.3 Fire Magic


You had 5 spell levels left.
You knew the following spells:

 Your Spells              Type           Power        Failure   Level  Hunger
a - Flame Tongue          Conj/Fire      #....        9%          1    ##.....
x - Throw Flame           Conj/Fire      #.....       13%         2    ###....

Your spell library contained the following spells:

 Spells                   Type           Power        Failure   Level  Hunger
 Conjure Flame            Conj/Fire      #.......     26%         3    ####...
 Inner Flame              Hex/Fire       #.......     36%         3    ####...
 Sticky Flame             Conj/Fire      #.......     65%         4    #####..
 Fireball                 Conj/Fire      #.........   94%         5    ######.


Dungeon Overview and Level Annotations

Branches:
Dungeon (3/15)

Altars:

Annotations:
D:3 Purgy


Innate Abilities, Weirdness & Mutations

You are small and have problems with some larger weapons.
You are somewhat resistant to further mutation.


Message History

It was a potion of haste.
You feel yourself speed up.
* * * LOW HITPOINT WARNING * * *
You feel sick.
The leopard gecko bites you but does no damage.
The leopard gecko closely misses you.
You see here a worker ant corpse.
* * * LOW HITPOINT WARNING * * *
You feel sick.
There is a stone staircase leading up here.
You see here an adder corpse.
* * * LOW HITPOINT WARNING * * *
You feel sick.
You climb upwards.
* * * LOW HITPOINT WARNING * * *
You feel sick.
There is a stone staircase leading down here.
Unknown command.
Okay, then.
Unknown command.
Okay, then.
As you read the scroll labeled BIOZANEFERR, it crumbles to dust.
You feel strangely unstable.
It was a scroll of teleportation.
* * * LOW HITPOINT WARNING * * *
You feel sick.
Okay, then.
* * * LOW HITPOINT WARNING * * *
You feel sick.
* * * LOW HITPOINT WARNING * * *
You feel sick.
Unknown command.
Okay, then.
Unknown command.
* * * LOW HITPOINT WARNING * * *
You feel sick.
A red film seems to cover your vision as you go berserk!
You feel yourself moving faster!
You feel mighty!
Unknown command.
You feel a strong urge to attack something.
* * * LOW HITPOINT WARNING * * *
You feel sick.
Your surroundings suddenly seem different.
You feel your anger nearly subside.
* * * LOW HITPOINT WARNING * * *
You feel sick.
You are no longer berserk.
You are exhausted.
You feel yourself slow down.
* * * LOW HITPOINT WARNING * * *
You feel sick.
You die...

..######....#
#............ ### ##.#.#
#..#####..... #.#.# #..#
#.#..# #.#.# #..# #.#.<#
#.#.# #..# #.#..# #.#.#
######..#####.#..# #.#.#
#.............#... #.#.#
#.####..#####.....
#########)#.# #@# #..#
#.#<#.
............####.####.[#
#.....
######.##..........)...#
#.....
........########.#####.#
#..... ######.## #.# #.#
#.#.## #.#
#.#####.#####.#.#
######.##
#.......).....#.##
........#
#.................
######..#
#.#####.....#.....


There were no monsters in sight!

Vanquished Creatures
  Terence (D:2)
  A worker ant (D:3)
  6 adders
  3 worms (D:2)
  2 dart slugs (D:2)
  A leopard gecko (D:2)
  2 orcs
  2 ball pythons
  7 bats
  3 giant cockroaches
  6 goblins
  3 hobgoblins
  2 jackals (D:2)
  A quokka (D:3)
  4 frilled lizards
  4 kobolds (D:2)
  4 rats
52 creatures vanquished.

Notes
Turn   | Place    | Note
-------+----------+-------------------------------------------
     0 | D:1      | Ultraviolent4 the Halfling Fire Elementalist began the
                  | quest for the Orb.
     0 | D:1      | Reached XP level 1. HP: 11/11 MP: 3/3
   324 | D:1      | Reached skill level 1 in Conjurations
   324 | D:1      | Reached XP level 2. HP: 17/17 MP: 1/4
   334 | D:1      | Learned a level 2 spell: Throw Flame
  1146 | D:2      | Reached XP level 3. HP: 18/21 MP: 0/5
  1351 | D:2      | Reached XP level 4. HP: 27/27 MP: 0/6
  2166 | D:2      | Reached skill level 4 in Fire Magic
  2455 | D:2      | Reached XP level 5. HP: 31/31 MP: 4/8
  2580 | D:2      | Noticed Terence
  2652 | D:2      | Killed Terence
  2652 | D:2      | Reached skill level 1 in Slings
  2816 | D:3      | Noticed Purgy
  3088 | D:2      | HP: 1/31 [poisoned by a worker ant]
  3089 | D:2      | Succumbed to a worker ant's poison

Levels and vault maps discovered:
D:1:      lightli_arrival_flooded_house, layout_loops_ring, minivault_4
D:2:      layout_loops_ring, uniq_terence
D:3:      layout_rooms, lemuel_blue_sif_altar, uniq_grinder, uniq_purgy

Skill      XL: |  1  2  3  4  5 |
---------------+----------------+-----
Conjurations   | 1 |  1.8
Spellcasting   | 2 |  2.0
Fire Magic     | 4 |  4.3
Dodging        | 3 |  3.2
Slings         | 2 |  2.2
Stealth        | |  2.2

Action                   |  1- 3 |  4- 6 || total
-------------------------+-------+-------++-------
Melee: Mace              |     2 |       ||     2
       Dagger            |    23 |    11 ||    34
 Fire: Hunting sling     |       |    13 ||    13
Throw: Dart              |    16 |    14 ||    30
 Cast: Flame Tongue      |    41 |    65 ||   106
  Use: Potion            |     3 |     3 ||     6
       Scroll            |     1 |     7 ||     8
  Eat: Chunk             |     2 |     7 ||     9
Armor: Leather armour    |    14 |     7 ||    21
Dodge: Dodged            |    55 |    39 ||    94
